 Dungeon Crawl Stone Soup version 0.30.0-15-g856e2d3f33 (webtiles) character file.

Game seed: 13493137200796769687

1414 NateTC the Cutter (level 8, -2/61 HPs)
             Began as a Demonspawn Gladiator on May 20, 2023.
             Was a Priest of Makhleb.
             Hit by a large rock thrown by a cyclops (34 damage)
             ... on level 6 of the Dungeon.
             The game lasted 00:10:49 (6966 turns).

NateTC the Cutter (Demonspawn Gladiator)            Turns: 6966, Time: 00:10:50

Health: -2/61      AC: 13    Str: 23    XL:     8   Next: 43%
Magic:  10/10      EV: 10    Int: 10    God:    Makhleb [***...]
Gold:   252        SH:  0    Dex: 14    Spells: 7/7 levels left

rFire   . . .        c - +2 dagger (protect)
rCold   . . .        (no shield)
rNeg    + . .        r - +0 chain mail
rPois   .            k - +2 hat
rElec   .            o - +0 cloak
rCorr   .            (no gloves)
SInv    .            (no boots)
Will    .....        (no amulet) Stlth
                     m - ring of positive energy
HPRegen 0.30/turn    x - +6 ring of strength
MPRegen 0.12/turn

%: no passive effects
@: no status effects
A: antennae 2, yellow scales 1, demonic guardian 3
a: Renounce Religion, Minor Destruction, Lesser Servant of Makhleb


You were on level 6 of the Dungeon.
You worshipped Makhleb.
Makhleb was most pleased with you.
You visited 2 branches of the dungeon, and saw 7 of its levels.

You collected 385 gold pieces.
You spent 133 gold pieces at shops.

Inventory:

Hand Weapons
 a - a +0 rapier
 c - a +2 dagger of protection (weapon)
Missiles
 d - 3 throwing nets (quivered)
 e - a javelin
Armour
 k - a +2 hat (worn)
 o - a +0 cloak (worn)
 r - a +0 chain mail (worn)
Jewellery
 f - an amulet of magic regeneration
 m - a ring of positive energy (left hand)
 x - a +6 ring of strength (right hand)
Wands
 b - a wand of digging (4)
 y - a wand of flame (25)
Scrolls
 i - a scroll of identify
 t - a scroll of poison
 u - 2 scrolls of amnesia
Potions
 g - 3 potions of mutation
 h - a potion of magic
 j - a potion of invisibility {unknown}
 l - a potion of curing {unknown}
 n - 2 potions of heal wounds {unknown}
 p - 2 potions of might {unknown}
 q - 2 potions of resistance {unknown}
 s - 2 potions of brilliance {unknown}
 v - a potion of degeneration {unknown}
 w - 2 potions of flight {unknown}


   Skills:
 - Level 4.6 Fighting
 * Level 7.7 Short Blades
 - Level 1.7 Throwing
 - Level 1.3 Armour
 + Level 4.5 Dodging
 - Level 3.7 Invocations


You had 7 spell levels left.
You didn't know any spells.
Your spell library contained the following spells:

 Spells                   Type           Power      Damage    Failure   Level
 Blink                    Tloc           0%         N/A       98%         2
 Summon Guardian Golem    Hex/Summ       0%         N/A       100%        3
 Manifold Assault         Tloc           0%         N/A       100%        4
 Simulacrum               Ice/Necr       0%         N/A       100%        6
 Orb of Destruction       Conj           0%         9d5       100%        7
 Ozocubu's Refrigeration  Ice            0%         4d7       100%        7
 Spellforged Servitor     Conj/Summ      0%         N/A       100%        7
 Storm Form               Tmut/Air       0%         N/A       100%        7
 Polar Vortex             Ice            0%         N/A       100%        9


Dungeon Overview and Level Annotations

Branches:
Dungeon (6/15) Zot: 26179  Temple (1/1) D:4 Zot: 5551

Altars:
Ashenzari
Dithmenos
Fedhas
Gozag
Hepliaklqana
Makhleb
Okawaru
Qazlal
Sif Muna
Trog
Uskayaw
Vehumet
Xom
Yredelemnul

Shops:
D:2 [   D:4 (   D:5 *


Innate Abilities, Weirdness & Mutations

You have a pair of antennae on your head.
You are partially covered in yellow scales. (AC +2)
A powerful demonic guardian rushes to your aid.


Message History

Your ynoxinul closely misses the adder.
The adder bites your ynoxinul. The adder bites your ynoxinul.
Your ynoxinul barely misses the adder.
The adder closely misses your ynoxinul.
Your ynoxinul completely misses the adder.
The adder bites your ynoxinul but does no damage.
Your ynoxinul completely misses the adder.
The adder closely misses your ynoxinul.
The adder bites your ynoxinul but does no damage.
Your ynoxinul hits the adder!
The adder dies!
Makhleb accepts your kill.
You start resting.
Your ufetubus disappears in a puff of smoke! x2
HP restored.
You swap places.
You see here a scorpion corpse.
There is a stone staircase leading down here.
You climb downwards.
Your summoned ally is left behind.
The cyclops throws a large rock.
The large rock hits you!
There is a stone staircase leading up, spattered with blood here.
A demon appears!
What are your orders? t - Shout!
Orders for allies: a - Attack new target. r - Retreat! s - Stop attacking. g - Guard the area. f - Follow me.
Anything else - Cancel.
Gang up on whom?
Press: ? - help, Dir - move target, f - cyclops
Aim: a cyclops, quivering large rocks (ally target) Attack!
Your neqoxec hits the cyclops.
The cyclops throws a large rock.
The large rock closely misses you.
Your neqoxec hits the cyclops. Your neqoxec hits the cyclops!
The cyclops throws a large rock.
The large rock hits you!!
A demonic guardian appears!
Your neqoxec hits the cyclops.
The cyclops throws a large rock.
The large rock hits you!!
Ouch! That really hurt!
You die...

###..#...#..############.....#
#....s.ยง......####### ###.#.#
#......C......#.....## #..#
#....)...............####.##
#.....................##..#
#.....................#..##
#.........###3C....[....##
#.........# #.........###
#.........# #..@......#
########### ##.<.....##
#.........# #.3.......#
#.........# #.........#
#.........# ##.......##
##.....##


You could see a cyclops (ally target), a friendly smoke demon (summoned) and a
friendly neqoxec (summoned).

Vanquished Creatures
  A water moccasin (D:6)
  2 scorpions
  A wight (D:6)
  2 howler monkeys (D:5)
  An orc priest (D:3)
  2 hounds (D:5)
  A jelly (D:6)
  Crazy Yiuf (D:3)
  An iguana (D:5)
  An orc wizard (D:3)
  Robin (D:3)
  4 gnolls
  2 adders
  An ufetubus (D:6)
  A worm (D:2)
  5 dart slugs
  3 orcs
  8 bats
  5 endoplasms
  4 giant cockroaches
  16 goblins
  10 hobgoblins
  7 jackals
  4 quokkas
  10 ball pythons
  4 frilled lizards
  11 kobolds
  4 rats
113 creatures vanquished.

Vanquished Creatures (collateral kills)
  A centaur (D:5)
  Blork the orc (D:6)
  2 scorpions
  4 wights (D:6)
  A howler monkey (D:4)
  A jelly (D:5)
  An orc priest (D:4)
  2 sleepcaps
  4 gnolls
  An adder (D:5)
  5 orcs
  An endoplasm (D:4)
  2 jackals (D:4)
  A kobold (D:4)
  A quokka (D:4)
  A ball python (D:4)
29 creatures vanquished.

Grand Total: 142 creatures vanquished

Notes
Turn   | Place    | Note
-------+----------+-------------------------------------------
     0 | D:1      | NateTC the Demonspawn Gladiator began the quest for the
                  | Orb.
     0 | D:1      | Reached XP level 1. HP: 16/16 MP: 1/1
   115 | D:1      | Reached skill level 3 in Short Blades
   115 | D:1      | Gained mutation: You have a pair of small antennae on your
                  | head. [demonic ancestry]
   115 | D:1      | Reached XP level 2. HP: 19/23 MP: 2/2
   315 | D:1      | Gained mutation: A weak demonic guardian rushes to your
                  | aid. [demonic ancestry]
   315 | D:1      | Reached XP level 3. HP: 24/28 MP: 3/3
   747 | D:1      | Found a faded altar of an unknown god.
   772 | D:1      | Prayed at the altar of an unknown god.
   772 | D:1      | Became a worshipper of Makhleb the Destroyer
   772 | D:1      | Reached * piety under Makhleb
   994 | D:2      | Gained mutation: You are partially covered in yellow
                  | scales. (AC +2) [demonic ancestry]
   994 | D:2      | Reached XP level 4. HP: 15/35 MP: 4/4
  1368 | D:2      | Found Tem Pip's Antique Armour Shop.
  1828 | D:3      | Reached skill level 4 in Short Blades
  1959 | D:3      | Gained mutation: A demonic guardian rushes to your aid.
                  | [demonic ancestry]
  1959 | D:3      | Reached XP level 5. HP: 21/42 MP: 5/5
  2274 | D:3      | Reached ** piety under Makhleb
  2394 | D:3      | Noticed Robin
  2424 | D:3      | Killed Robin
  2925 | D:3      | Found a runed translucent door.
  2926 | D:3      | Noticed Crazy Yiuf
  3042 | D:3      | Killed Crazy Yiuf
  3241 | D:4      | Gained mutation: A powerful demonic guardian rushes to your
                  | aid. [demonic ancestry]
  3241 | D:4      | Reached XP level 6. HP: 32/49 MP: 6/6
  3384 | D:4      | Reached skill level 5 in Short Blades
  3442 | D:4      | Reached skill level 1 in Armour
  3749 | D:2      | Bought an embroidered hat for 133 gold pieces
  3985 | D:4      | Found Butrit's Weapon Shoppe.
  4336 | D:4      | Found a staircase to the Ecumenical Temple.
  4396 | Temple   | Entered the Ecumenical Temple
  4864 | D:5      | Entered Level 5 of the Dungeon
  5099 | D:5      | Reached skill level 1 in Invocations
  5142 | D:5      | Reached XP level 7. HP: 55/55 MP: 6/8
  5170 | D:5      | Found a shimmering blue altar of Sif Muna.
  5342 | D:5      | Found Uraad's CLEARANCE SALE!.
  5365 | D:5      | Found a broken altar of Ashenzari.
  5765 | D:5      | Reached *** piety under Makhleb
  5816 | D:5      | Reached skill level 6 in Short Blades
  6390 | D:6      | Gained mutation: You have a pair of antennae on your head.
                  | [demonic ancestry]
  6390 | D:6      | Reached XP level 8. HP: 3/57 MP: 10/10
  6398 | D:6      | Reached skill level 7 in Short Blades
  6510 | D:6      | Noticed Blork the orc
  6521 | D:6      | Killed Blork the orc
  6562 | D:6      | Noticed a cyclops
  6586 | D:6      | HP: 3/61 [poisoned by a scorpion]
  6589 | D:6      | HP: 1/61 [poisoned by a scorpion]
  6966 | D:6      | Hit by a large rock thrown by a cyclops

Illustrated notes

Levels and vault maps discovered:
D:1:      scummos_arrival_star, layout_loops_ring,
          hellmonk_ecumenical_altar_pennies_from_heaven, st_stairs_11
D:2:      layout_loops_cross, serial_shops, shop, serial_bayou,
          serial_bayou_pond_a, serial_bayou_crossing, serial_bayou_lake_a,
          serial_bayou_pond_c, serial_bayou_shore_b
D:3:      layout_loops_corners, uniq_crazy_yiuf_cottage, uniq_robin
D:4:      layout_basic, temple_fountains, serial_rivers,
          chequers_serial_rivers_small_b, chequers_serial_rivers_room_b,
          chequers_serial_rivers_small_b, chequers_serial_rivers_micro_a,
          serial_shops, shop
D:5:      layout_basic, mainiacjoe_overflow_alcove_4,
          mainiacjoe_overflow_catwalk, nicolae_shop_clearance
D:6:      layout_rooms, lightli_sewer_entry_pipes, minmay_manual_mail,
          uniq_blork_the_orc
Temple:   minmay_temple_forest_path

Skill      XL: |  1  2  3  4  5  6  7  8 |
---------------+-------------------------+-----
Short Blades   | 3 4 5 6 7 |  7.7
Fighting       | 3 4 |  4.6
Armour         | 1 |  1.3
Dodging        | 3 4 |  4.5
Invocations    | 1 3 |  3.7
Throwing       | |  1.7

Action                     |  1- 3 |  4- 6 |  7- 9 || total
---------------------------+-------+-------+-------++-------
  Melee: Rapier            |   116 |       |       ||   116
         Punch             |     1 |     4 |     5 ||    10
         Dagger            |       |   374 |   202 ||   576
 Invoke: Minor Destruction |       |       |     2 ||     2
         Lesser Servant of |       |       |     3 ||     3
    Use: Scroll            |     1 |     1 |     3 ||     5
   Stab: Sleeping          |     1 |       |       ||     1
 Armour: Leather armour    |    31 |    88 |       ||   119
         Scale mail        |       |    60 |       ||    60
         Chain mail        |       |    46 |   114 ||   160
  Dodge: Dodged            |    94 |   192 |    79 ||   365
